Map: Zen LE

Players

baleeet - Winner!

  • Race: Protoss Protoss
  • Spawn Location: 1:00

Unoriginal

  • Race: Terran Terran
  • League: Silver
  • Spawn Location: 7:00

VOD

Have the link to the VOD?

Description

Time

  • Played on: March 29, 2020, 10:08 p.m.
  • Length: 23:28
Show
View Real Time Build Order
Export as new Build Order

baleeet Protoss - Winner!

Build Orders: Carriers 

Get SALT Encoding   

  12  0:01  Probe  
  13  0:13  Probe  
  14  0:23  Pylon  
  14  0:25  Probe (Chrono Boost)  
  15  0:36  Assimilator  
  15  0:40  Probe (Chrono Boost)  
  16  0:48  Probe  
  17  0:51  Gateway  
  17  1:00  Probe  
  18  1:12  Probe  
  19  1:20  Assimilator  
  19  1:25  Probe  
  20  1:31  Pylon  
  20  1:37  Probe  
  21  1:43  Zealot  
  23  1:51  Cybernetics Core, Probe  
  24  2:06  Probe  
  25  2:16  Nexus  
  25  2:25  Probe  
  25  2:26  Pylon, Warp Gate (Chrono Boost)  
  26  2:35  Adept  
  28  2:40  Probe  
  29  2:48  Robotics Facility  
  29  2:55  Probe  
  27  3:05  Adept  
  30  3:08  Probe  
  33  3:23  Stargate  
  33  3:27  Forge  
  33  3:31  Probe x2  
  35  3:45  Adept  
  37  3:52  Observer  
  38  4:13  Immortal, Oracle  
  45  4:17  Probe x2  
  45  4:22  Assimilator  
  47  4:25  Assimilator  
  47  4:31  Gateway  
  47  4:32  Gateway  
  47  4:34  Gateway  
  47  4:36  Probe x2  
  47  4:38  Adept  
  51  4:58  Probe x2  
  53  5:20  Pylon  
  53  5:21  Pylon, Protoss Ground Weapons Level 1 (Chrono Boost)  
  53  5:23  Nexus  
  53  5:30  Probe  
  54  5:38  Probe  
  55  5:44  Sentry  
  55  5:46  Zealot x3  
  59  6:13  Adept x3  
  59  6:14  Adept  
  67  6:28  Probe  
  67  6:29  Probe  
  69  6:35  Probe, Immortal  
  69  6:39  Adept x4  
  82  6:40  Probe  
  82  6:41  Probe  
  84  6:47  Probe  
  85  6:59  Fleet Beacon  
  85  7:02  Protoss Air Weapons Level 1  
  85  7:14  Protoss Ground Armor Level 1 (Chrono Boost)  
  85  7:21  Pylon  
  85  7:24  Pylon  
  85  7:39  Probe x3, Immortal  
  85  7:42  Nexus  
  92  7:44  Pylon  
  92  7:47  Pylon  
  92  7:51  Probe x3  
  92  7:53  Adept  
  92  7:54  Adept x2  
  101  8:13  Assimilator  
  101  8:15  Assimilator  
  101  8:25  Photon Cannon  
  101  8:26  Photon Cannon, Immortal  
  105  8:28  Photon Cannon  
  105  8:29  Shield Battery  
  105  8:31  Pylon  
  105  8:36  Adept x2  
  105  8:37  Adept x2  
  113  8:49  Pylon, Carrier  
  113  8:51  Pylon  
  113  8:54  Pylon  
  119  9:03  Twilight Council  
  119  9:08  Probe x3  
  119  9:09  Probe  
  123  9:11  Adept  
  123  9:12  Adept  
  123  9:16  Protoss Shields Level 1 (Chrono Boost)  
  127  9:23  Probe x4  
  131  9:31  Protoss Air Armor Level 1  
  131  9:36  Adept x4  
  139  9:44  Immortal  
  143  9:52  Stargate  
  143  9:58  Carrier  
  149  10:19  Adept  
  149  10:20  Adept x3  
  157  10:23  Immortal  
  161  10:29  Photon Cannon  
  161  10:31  Photon Cannon  
  161  10:32  Photon Cannon  
  161  10:34  Probe x3  
  164  10:43  Pylon  
  164  10:46  Pylon  
  164  11:01  Probe, Carrier  
  171  11:23  Immortal  
  175  11:29  Carrier  
  167  11:44  Adept x3  
  167  11:45  Adept  
  179  12:22  Carrier  
  179  12:34  Pylon  
  179  12:36  Pylon  
  173  12:37  Pylon  
  173  12:41  Pylon  
  169  12:46  Carrier  
  155  13:16  Stalker x3  
  118  14:42  Adept x3  
  111  15:33  Pylon  
  85  15:42  Forge  
  85  15:44  Gateway  
  85  15:45  Gateway  
  85  15:47  Gateway  
  85  15:48  Gateway  
  61  16:23  Photon Cannon  
  61  16:24  Photon Cannon x2  
  57  16:25  Photon Cannon  
  57  16:27  Photon Cannon  
  43  16:33  Photon Cannon  
  43  16:34  Photon Cannon  
  43  16:36  Photon Cannon  
  43  16:37  Photon Cannon x2  
  43  16:38  Photon Cannon  
  43  16:39  Photon Cannon  
  41  16:41  Photon Cannon  
  41  16:43  Photon Cannon  
  41  16:45  Photon Cannon  
  41  16:46  Photon Cannon  
  41  16:48  Probe x3  
  41  16:52  Photon Cannon  
  44  16:55  Assimilator  
  44  16:56  Photon Cannon  
  44  16:59  Assimilator  
  44  17:00  Probe x3, Zealot  
  44  17:01  Zealot x3  
  50  17:08  Cybernetics Core  
  50  17:14  Probe  
  50  17:15  Probe x2  
  50  17:39  Pylon  
  50  17:41  Pylon  
  45  17:45  Pylon  
  45  17:46  Pylon  
  44  17:56  Pylon, Stalker x2  
  44  17:57  Stalker x2  
  50  18:12  Probe x2  
  52  18:39  Nexus  
  52  18:40  Stalker x4  
  60  18:51  Nexus  
  60  19:00  Photon Cannon  
  60  19:01  Photon Cannon  
  60  19:02  Photon Cannon x2  
  57  19:03  Photon Cannon  
  57  19:04  Photon Cannon x2  
  57  19:05  Photon Cannon x3, Stalker x3  
  57  19:09  Photon Cannon  
  61  19:10  Photon Cannon  
  61  19:11  Photon Cannon x2  
  61  19:12  Photon Cannon x2  
  61  19:13  Photon Cannon  
  60  19:24  Pylon  
  60  19:26  Pylon  
  60  19:28  Pylon  
  60  19:31  Pylon  
  58  20:09  Photon Cannon  
  58  20:11  Photon Cannon x2  
  58  20:12  Photon Cannon  
  58  20:14  Photon Cannon  
  58  20:15  Photon Cannon x2, Probe  
  58  20:16  Probe  
  58  20:17  Photon Cannon  
  58  20:19  Photon Cannon x2  
  59  20:27  Probe  
  60  20:28  Probe  
  61  20:39  Probe  
  61  20:40  Probe  
  63  20:51  Probe  
  63  20:52  Probe  
  65  21:02  Gateway  
  65  21:03  Probe  
  66  21:05  Cybernetics Core, Probe  
  66  21:08  Gateway  
  66  21:10  Gateway  
  66  21:11  Gateway  
  67  21:13  Probe  
  67  21:15  Probe  
  67  21:17  Probe  
  70  21:25  Probe  
  70  21:28  Assimilator  
  70  21:30  Probe x2, Assimilator  
  73  22:26  Stalker x4  
  73  23:05  Sentry  
  75  23:06  Stalker  
  77  23:14  Forge  
Show
View Real Time Build Order
Export as new Build Order

Unoriginal Terran 

Build Orders:  

Get SALT Encoding   

  12  0:22  SCV  
  13  0:34  SCV  
  14  0:37  Supply Depot  
  14  0:47  SCV  
  15  0:59  SCV  
  15  1:00  Supply Depot  
  16  1:11  Refinery, SCV  
  17  1:23  SCV, Supply Depot  
  18  1:30  Barracks  
  18  1:35  SCV  
  18  1:36  Barracks  
  19  1:47  SCV  
  20  1:59  SCV  
  21  2:11  SCV  
  22  2:22  Barracks Reactor  
  22  2:30  Refinery  
  22  2:34  Barracks Reactor  
  22  2:40  Command Center  
  23  2:51  SCV  
  23  3:01  Marine  
  23  3:02  Marine  
  23  3:03  SCV  
  26  3:15  Marine x2, Engineering Bay  
  26  3:19  Marine x2  
  30  3:33  Marine x2  
  32  3:45  Factory  
  32  3:50  Marine x2  
  34  3:56  Terran Infantry Weapons Level 1  
  34  4:03  SCV  
  35  4:11  Refinery  
  35  4:15  SCV, Marine x2  
  35  4:16  Marine x2  
  40  4:27  SCV  
  41  4:39  SCV  
  41  4:41  Starport  
  41  4:45  Starport  
  42  4:50  Refinery  
  42  4:52  SCV  
  43  5:04  SCV  
  43  5:06  Missile Turret  
  44  5:14  Orbital Command  
  44  5:16  SCV  
  44  5:17  Factory Tech Lab  
  44  5:20  Marine  
  44  5:21  Marine x2  
  47  5:28  SCV  
  49  5:29  Missile Turret  
  49  5:33  Supply Depot  
  49  5:37  Supply Depot  
  49  5:40  SCV  
  50  5:48  Starport Tech Lab  
  50  5:52  SCV, Starport Tech Lab  
  50  5:53  Missile Turret  
  51  6:04  SCV  
  51  6:05  Fusion Core  
  51  6:23  SCV  
  52  6:35  SCV  
  53  6:43  Starport  
  53  6:44  Marine x2  
  53  6:46  Command Center  
  55  6:47  SCV, Terran Infantry Armor Level 1  
  56  6:57  Missile Turret  
  56  6:59  SCV  
  57  7:13  Battlecruiser  
  63  7:19  Missile Turret  
  63  7:26  Viking  
  65  7:48  Weapon Refit  
  65  7:57  Supply Depot  
  65  8:00  Supply Depot  
  65  8:02  SCV  
  66  8:10  Refinery  
  66  8:12  Marine x3  
  67  8:13  Marine  
  67  8:14  SCV  
  67  8:17  Siege Tank  
  74  8:26  SCV  
  75  8:28  Starport Reactor  
  75  8:30  Marine x3  
  75  8:33  Battlecruiser  
  84  8:35  Viking  
  84  8:38  SCV  
  87  8:41  Orbital Command  
  87  8:50  SCV  
  89  9:02  SCV  
  89  9:03  Factory  
  89  9:15  SCV  
  90  9:17  Refinery, Factory  
  90  9:26  Battlecruiser  
  90  9:27  SCV  
  90  9:29  Viking  
  99  9:38  Battlecruiser  
  105  9:39  SCV  
  106  9:51  SCV  
  107  9:56  Factory Tech Lab  
  107  10:03  SCV  
  108  10:10  Factory Tech Lab  
  108  10:15  SCV  
  109  10:34  Battlecruiser, Marine x2  
  117  10:48  Supply Depot  
  117  10:53  Supply Depot  
  117  11:09  Command Center  
  117  11:10  Siege Tank, SCV  
  121  11:15  Battlecruiser  
  121  11:18  Siege Tank  
  130  11:19  Siege Tank  
  130  11:24  SCV  
  109  11:40  SCV  
  99  11:54  Viking  
  99  11:55  Siege Tank  
  74  13:50  Siege Tank  
  74  13:53  Battlecruiser, Siege Tank  
  80  14:22  Siege Tank  
  83  14:25  Siege Tank  
  77  14:55  Siege Tank  
  77  14:57  Siege Tank  
  80  15:15  Battlecruiser  
  89  15:27  Siege Tank  
  82  15:29  Siege Tank  
  74  16:38  Starport x2  
  71  17:15  Supply Depot  
  69  17:16  Supply Depot  
  69  17:18  Supply Depot  
  69  17:19  Starport Tech Lab  
  69  17:21  Starport Tech Lab  
  67  17:41  Supply Depot  
  67  19:24  Engineering Bay  
  67  19:31  Fusion Core  
  67  19:39  Supply Depot  
  61  20:02  Supply Depot  
  61  20:42  Banshee x2  
  61  21:29  Siege Tank  
  61  21:30  Banshee  
  51  22:29  Command Center  
Tags
 
Composition
Carriers
League
Silver
Matchup
PvT
Spawn Locations
Cross Positions
Add a new tag
Caveats
  • Supply blocks, unpowered buildings, or Contaminate may cause inaccurate times.
  • Supply counts are checked every 10 seconds.